BSA
HENDERSONVILLE HITMEN @ ORLANDO CALRISSIAN
08/03/2030
 
TOP OF THE 1ST
Hendersonville Hitmen batting - Pitching for Orlando Calrissian : RHP Dave Heath
Pitching: RHP Dave Heath
Batting: SHB Félix Montoya 0-0: Called Strike
0-1: Fly out, F7 (Flyball, 7D)
Batting: SHB José Estreito 0-0: Ball
1-0: Ball
2-0: Swinging Strike
2-1: Foul Ball, location: 2F
2-2: Foul Ball, location: 2F
2-2: Ball
3-2: Base on Balls
Batting: LHB Robert Phillips 0-0: Ball
1-0: Grounds out, U3 (Groundball, 3L)
Batting: LHB Tommy Payne 0-0: Called Strike
0-1: Ball
1-1: Ball
2-1: SINGLE (Line Drive, 9S)
José Estreito to third
Runner from 3rd tries for Home, SAFE, no throw
Batting: LHB Pedro Rodríguez 0-0: Called Strike
0-1: Ball
1-1: Ball
2-1: Fly out, F6 (Popup, 6)
Top of the 1st over - 1 run, 1 hit, 0 errors, 1 left on base; Hendersonville 1 - Orlando 0
BOTTOM OF THE 1ST
Orlando Calrissian batting - Pitching for Hendersonville Hitmen : RHP Lee Hecker
Pitching: RHP Lee Hecker
Batting: RHB Sean White 0-0: Swinging Strike
0-1: Called Strike
0-2: Foul Ball, location: 2F
0-2: Strikes out swinging
Batting: RHB Frederico Hernández 0-0: Ball
1-0: Foul Ball, location: 2F
1-1: Swinging Strike
1-2: Ball
2-2: Ball
3-2: Base on Balls
Batting: SHB Tim Abbott 0-0: Ball
1-0: Foul Ball, location: 2F
1-1: Ball
2-1: Swinging Strike
2-2: Strikes out looking
Batting: RHB Raúl Canó 0-0: Foul Ball, location: 2F
0-1: Ball
1-1: 2-RUN HOME RUN (Flyball, 78XD), Distance : 469 ft
Batting: RHB Gabriel Ángel 0-0: Fly out, F4 (Line Drive, 4)
Bottom of the 1st over - 2 runs, 1 hit, 0 errors, 0 left on base; Hendersonville 1 - Orlando 2
TOP OF THE 2ND
Hendersonville Hitmen batting - Pitching for Orlando Calrissian : RHP Dave Heath
Batting: LHB José Berroa 0-0: Called Strike
0-1: Swinging Strike
0-2: Fly out, F9 (Flyball, 9LD)
Batting: RHB Ron Glass 0-0: Foul Ball, location: 2F
0-1: SINGLE (Line Drive, 7LS)
Batting: LHB Milo Glenn 0-0: Ball
1-0: Called Strike
1-1: Ball
2-1: Called Strike
2-2: 2-RUN HOME RUN (Flyball, 9LD), Distance : 365 ft
Batting: RHB Carlos Flores 0-0: Called Strike
0-1: Ball
1-1: Ball
2-1: SINGLE (Groundball, 56D)
Batting: SHB Félix Montoya 0-0: Called Strike
0-1: SINGLE (Groundball, 34D)
Carlos Flores to second
Runner from 2nd tries for 3rd, SAFE, throw made to third
Batting: SHB José Estreito 0-0: Called Strike
0-1: Ball
1-1: SINGLE (Groundball, 56D)
Carlos Flores scores
Félix Montoya to second
Batting: LHB Robert Phillips 0-0: Called Strike
0-1: Foul Ball, location: 2F
0-2: Ball
1-2: Ball
2-2: Strikes out looking
Batting: LHB Tommy Payne 0-0: Ball
1-0: Ball
2-0: Called Strike
2-1: Ball
3-1: Base on Balls
Félix Montoya to third
José Estreito to second
Batting: LHB Pedro Rodríguez 0-0: Foul Ball, location: 2F
0-1: Swinging Strike
0-2: Foul Ball, location: 2F
0-2: Ball
1-2: Ground out U3 (Groundball, 34)
Top of the 2nd over - 3 runs, 5 hits, 0 errors, 3 left on base; Hendersonville 4 - Orlando 2
BOTTOM OF THE 2ND
Orlando Calrissian batting - Pitching for Hendersonville Hitmen : RHP Lee Hecker
Batting: LHB Juan Colón 0-0: Called Strike
0-1: Ball
1-1: Swinging Strike
1-2: Fly out, F6 (Popup, 56)
Batting: RHB Griswold Coleman 0-0: Ball
1-0: Ball
2-0: Called Strike
2-1: Fly out, F8 (Flyball, 8RM)
Batting: RHB Robby Lewis 0-0: Called Strike
0-1: Ball
1-1: Foul Ball, location: 2F
1-2: Foul Ball, location: 2F
1-2: Strikes out swinging
Bottom of the 2nd over - 0 runs, 0 hits, 0 errors, 0 left on base; Hendersonville 4 - Orlando 2
TOP OF THE 3RD
Hendersonville Hitmen batting - Pitching for Orlando Calrissian : RHP Dave Heath
Batting: LHB José Berroa 0-0: Called Strike
0-1: Foul Ball, location: 2F
0-2: Foul Ball, location: 2F
0-2: SINGLE (Groundball, 4D)
Batting: RHB Ron Glass 0-0: Called Strike
0-1: Ball
1-1: Ball
2-1: Ball
3-1: Called Strike
3-2: Strikes out looking
Batting: LHB Milo Glenn 0-0: Called Strike
0-1: Called Strike
0-2: Foul Ball, location: 2F
0-2: Fielders Choice at 2nd, 4-6 (Groundball, 4)
Batting: RHB Carlos Flores 0-0: Ball
1-0: Foul Ball, location: 2F
1-1: Called Strike
1-2: Strikes out swinging
Top of the 3rd over - 0 runs, 1 hit, 0 errors, 1 left on base; Hendersonville 4 - Orlando 2
BOTTOM OF THE 3RD
Orlando Calrissian batting - Pitching for Hendersonville Hitmen : RHP Lee Hecker
Batting: RHB José Rosales 0-0: Ball
1-0: Foul Ball, location: 2F
1-1: Ball
2-1: Fly out, F9 (Flyball, 9)
Batting: RHB Sean White 0-0: Ball
1-0: Called Strike
1-1: Foul Ball, location: 2F
1-2: Ball
2-2: Strikes out looking
Batting: RHB Frederico Hernández 0-0: Called Strike
0-1: Ball
1-1: Ground out 6-3 (Groundball, 56)
Bottom of the 3rd over - 0 runs, 0 hits, 0 errors, 0 left on base; Hendersonville 4 - Orlando 2
TOP OF THE 4TH
Hendersonville Hitmen batting - Pitching for Orlando Calrissian : RHP Dave Heath
Batting: SHB Félix Montoya 0-0: SINGLE (Line Drive, 5)
Batting: SHB José Estreito 0-0: Called Strike
0-1: Ball
1-1: Ball
2-1: Swinging Strike
2-2: Fielders Choice at 2nd, 6-4 (Groundball, 6)
Batting: LHB Robert Phillips 0-0: Ball
José Estreito is caught stealing 2nd base
1-0: DOUBLE (Flyball, 8LXD)
Batting: LHB Tommy Payne 0-0: Ball
1-0: Ball
2-0: Ball
3-0: Called Strike
3-1: Ground out 6-3 (Groundball, 6)
Top of the 4th over - 0 runs, 2 hits, 0 errors, 1 left on base; Hendersonville 4 - Orlando 2
BOTTOM OF THE 4TH
Orlando Calrissian batting - Pitching for Hendersonville Hitmen : RHP Lee Hecker
Batting: SHB Tim Abbott 0-0: Ball
1-0: SOLO HOME RUN (Flyball, 9LD), Distance : 439 ft
Batting: RHB Raúl Canó 0-0: Swinging Strike
0-1: Ball
1-1: Ground out U3 (Groundball, 34)
Batting: RHB Gabriel Ángel 0-0: Ball
1-0: Ball
2-0: Foul Ball, location: 2F
2-1: Foul Ball, location: 2F
2-2: Foul Ball, location: 2F
2-2: Ball
3-2: DOUBLE (Flyball, 89D)
Batting: LHB Juan Colón 0-0: Ball
1-0: Called Strike
1-1: Ball
2-1: Ground out 5-3 (Groundball, 5)
Batting: RHB Griswold Coleman 0-0: Foul Ball, location: 2F
0-1: Ball
1-1: Foul Ball, location: 2F
1-2: Ball
2-2: Fly out, F7 (Flyball, 78S)
Bottom of the 4th over - 1 run, 2 hits, 0 errors, 1 left on base; Hendersonville 4 - Orlando 3
TOP OF THE 5TH
Hendersonville Hitmen batting - Pitching for Orlando Calrissian : RHP Dave Heath
Pitching: LHP Keith Jennings
Batting: LHB Pedro Rodríguez 0-0: Swinging Strike
0-1: Ball
1-1: Foul Ball, location: 2F
1-2: Strikes out swinging
Batting: LHB José Berroa 0-0: Ball
1-0: Ball
2-0: Called Strike
2-1: Foul Ball, location: 2F
2-2: Ball
3-2: Base on Balls
Batting: RHB Ron Glass 0-0: Ball
1-0: Fly out, F7 (Flyball, 7S)
Batting: LHB Milo Glenn Pickoff Throw to First - Error! E1
José Berroa to second
0-0: Ball
1-0: Ball
2-0: Ball
3-0: Called Strike
3-1: Base on Balls
Batting: RHB Carlos Flores 0-0: Called Strike
0-1: Ground out 6-3 (Groundball, 6S)
Top of the 5th over - 0 runs, 0 hits, 1 error, 2 left on base; Hendersonville 4 - Orlando 3
BOTTOM OF THE 5TH
Orlando Calrissian batting - Pitching for Hendersonville Hitmen : RHP Lee Hecker
Batting: RHB Robby Lewis 0-0: Called Strike
0-1: Called Strike
0-2: Ball
1-2: Ball
2-2: Foul Ball, location: 2F
2-2: Strikes out swinging
Batting: RHB José Rosales 0-0: Called Strike
0-1: Called Strike
0-2: Foul Ball, location: 2F
0-2: Foul Ball, location: 2F
0-2: Ball
1-2: SINGLE (Groundball, 34D)
Batting: RHB Sean White 0-0: Ball
José Rosales steals 2nd base
1-0: Swinging Strike
1-1: Ball
2-1: Ball
Wild Pitch!
José Rosales to third
3-1: Called Strike
3-2: Strikes out swinging, 2-3 out at first.
Batting: RHB Frederico Hernández 0-0: Ball
Wild Pitch!
José Rosales scores
1-0: SINGLE (Line Drive, 8LS)
Batting: SHB Tim Abbott 0-0: Called Strike
0-1: Ball
1-1: Fly out, F7 (Line Drive, 7)
Bottom of the 5th over - 1 run, 2 hits, 0 errors, 1 left on base; Hendersonville 4 - Orlando 4
TOP OF THE 6TH
Hendersonville Hitmen batting - Pitching for Orlando Calrissian : LHP Keith Jennings
Batting: SHB Félix Montoya 0-0: Swinging Strike
0-1: Foul Ball, location: 2F
0-2: Fly out, F7 (Flyball, 78XD)
Batting: SHB José Estreito 0-0: Foul Ball, location: 2F
0-1: Ball
1-1: SINGLE (Line Drive, 56)
Batting: LHB Robert Phillips 0-0: Ball
1-0: Swinging Strike
1-1: Ball
2-1: Called Strike
2-2: Ball
José Estreito steals 2nd base
3-2: Ground out U3 (Groundball, 34)
José Estreito to third
Batting: LHB Tommy Payne 0-0: Ball
1-0: Foul Ball, location: 2F
1-1: Ground out 4-3 (Groundball, 4)
Top of the 6th over - 0 runs, 1 hit, 0 errors, 1 left on base; Hendersonville 4 - Orlando 4
BOTTOM OF THE 6TH
Orlando Calrissian batting - Pitching for Hendersonville Hitmen : RHP Lee Hecker
Batting: RHB Raúl Canó 0-0: Ball
1-0: Ball
2-0: Ball
3-0: Base on Balls
Batting: RHB Gabriel Ángel 0-0: Ball
1-0: SINGLE (Groundball, 6D)
Raúl Canó to second
Batting: LHB Juan Colón 0-0: Called Strike
0-1: Ball
1-1: Ball
2-1: Grounds into double play, 6-4-3 (Groundball, 6M)
Raúl Canó to third
Batting: RHB Griswold Coleman 0-0: Ball
1-0: SINGLE (Line Drive, 4MD)
Raúl Canó scores
Batting: RHB Robby Lewis 0-0: Fielders Choice at 2nd, 5-4 (Groundball, 5L)
Bottom of the 6th over - 1 run, 2 hits, 0 errors, 1 left on base; Hendersonville 4 - Orlando 5
TOP OF THE 7TH
Hendersonville Hitmen batting - Pitching for Orlando Calrissian : LHP Keith Jennings
Now at 1B: Júlio Negrón
Now in LF: Jesús Gonzáles
Batting: LHB Pedro Rodríguez 0-0: Ball
1-0: Foul Ball, location: 2F
1-1: Ball
2-1: Foul Ball, location: 2F
2-2: SINGLE (Line Drive, 7S)
Batting: LHB José Berroa 0-0: Ball
1-0: Called Strike
1-1: Ball
2-1: Foul Ball, location: 2F
2-2: Foul Ball, location: 2F
2-2: Ground out U3 (Groundball, 34S)
Pedro Rodríguez to second
Batting: RHB Ron Glass 0-0: Foul Ball, location: 2F
0-1: SINGLE (Groundball, 6MD)
Pedro Rodríguez to third
Runner from 3rd tries for Home, SAFE, no throw
Batting: LHB Milo Glenn 0-0: Foul Ball, location: 2F
0-1: Ball
1-1: Foul Ball, location: 2F
1-2: Ball
2-2: Strikes out swinging
Pitching: LHP Xavier Velázquez
Batting: RHB Carlos Flores 0-0: Ball
1-0: Ball
2-0: Ball
3-0: Ground out 2-3 (Groundball, 13S)
Top of the 7th over - 1 run, 2 hits, 0 errors, 1 left on base; Hendersonville 5 - Orlando 5
BOTTOM OF THE 7TH
Orlando Calrissian batting - Pitching for Hendersonville Hitmen : RHP Lee Hecker
Pitching: RHP Tony Murillo
Batting: RHB José Rosales 0-0: Ball
1-0: Ball
2-0: Swinging Strike
2-1: Called Strike
2-2: SINGLE (Groundball, 4S) (infield hit)
Batting: RHB Sean White 0-0: Called Strike
0-1: Ball
1-1: Ball
2-1: Fly out, F8 (Flyball, 78M)
Batting: RHB Frederico Hernández 0-0: Ball
Throwing error on steal attempt, E2
José Rosales to third
1-0: Ball
2-0: Ball
3-0: Ground out 4-3 (Groundball, 4MS)
Batting: SHB Tim Abbott 0-0: Ball
1-0: Foul Ball, location: 2F
1-1: Foul Ball, location: 2F
1-2: Fly out, F6 (Line Drive, 6)
Bottom of the 7th over - 0 runs, 1 hit, 1 error, 1 left on base; Hendersonville 5 - Orlando 5
TOP OF THE 8TH
Hendersonville Hitmen batting - Pitching for Orlando Calrissian : LHP Xavier Velázquez
Batting: SHB Félix Montoya 0-0: Fly out, F4 (Popup, 4)
Batting: SHB José Estreito 0-0: Ball
1-0: Foul Ball, location: 2F
1-1: Ball
2-1: Ball
3-1: Fly out, F9 (Flyball, 9D)
Batting: LHB Robert Phillips 0-0: SOLO HOME RUN (Line Drive, 7LD), Distance : 358 ft
Batting: LHB Tommy Payne 0-0: Swinging Strike
0-1: Foul Ball, location: 2F
0-2: Strikes out looking
Top of the 8th over - 1 run, 1 hit, 0 errors, 0 left on base; Hendersonville 6 - Orlando 5
BOTTOM OF THE 8TH
Orlando Calrissian batting - Pitching for Hendersonville Hitmen : RHP Tony Murillo
Batting: RHB Jesús Gonzáles 0-0: Ball
1-0: Called Strike
1-1: Ball
2-1: Fly out, F5 (Line Drive, 56)
Batting: RHB Júlio Negrón 0-0: Ball
1-0: SINGLE (Flyball, 8RS)
Pitching: RHP Matthew Scott
Batting: LHB Juan Colón 0-0: Ball
1-0: Fly out, F7 (Flyball, 78M)
Batting: RHB Griswold Coleman 0-0: Called Strike
0-1: Ground out 2-3 (Groundball, 15S)
Bottom of the 8th over - 0 runs, 1 hit, 0 errors, 1 left on base; Hendersonville 6 - Orlando 5
TOP OF THE 9TH
Hendersonville Hitmen batting - Pitching for Orlando Calrissian : LHP Xavier Velázquez
Pitching: LHP Mike Murray
Batting: LHB Pedro Rodríguez 0-0: Called Strike
0-1: Called Strike
0-2: Strikes out looking
Batting: LHB José Berroa 0-0: Called Strike
0-1: Swinging Strike
0-2: Foul Ball, location: 2F
0-2: Ball
1-2: Ground out 6-3 (Groundball, 56)
Batting: RHB Ron Glass 0-0: Ground out 5-3 (Groundball, 56)
Top of the 9th over - 0 runs, 0 hits, 0 errors, 0 left on base; Hendersonville 6 - Orlando 5
BOTTOM OF THE 9TH
Orlando Calrissian batting - Pitching for Hendersonville Hitmen : RHP Matthew Scott
Pitching: RHP Ignacio Morales
Pinch Hitting: LHB Zack Payton 0-0: Called Strike
0-1: Ball
1-1: SINGLE (Groundball, 25) (infield hit)
Pitching: RHP Guy Hebert
Batting: RHB José Rosales 0-0: Ball
1-0: Bunted foul
1-1: Sac Bunt - play at second, runner OUT! 3-6
Batting: RHB Sean White 0-0: SINGLE (Groundball, 34S) (infield hit)
José Rosales to second
Batting: RHB Frederico Hernández 0-0: Foul Ball, location: 2F
0-1: DOUBLE (Line Drive, 7LM)
José Rosales scores
Sean White to third
Runner from 3rd tries for Home, SAFE, no throw
Saturday, April 7th, 2018 - OOTP Baseball 18.8 Build 76